 Dungeon Crawl Stone Soup version 0.26-b1-32-g5d43845318 (webtiles) character file.

Game seed: 13444529996258810920

613 HoaS the Grappler (level 7, 0/55 HPs)
             Began as a Ghoul Gladiator on Jan 7, 2021.
             Slain by a bullfrog (1 damage)
             ... in a sewer.
             The game lasted 00:07:30 (3306 turns).

HoaS the Grappler (Ghoul Gladiator)                 Turns: 3306, Time: 00:07:31

Health: 0/55       AC: 11    Str: 19    XL:     7   Next: 44%
Magic:  6/6        EV:  7    Int:  3    God:
Gold:   178        SH:  0    Dex: 11    Spells: 6/6 levels left

rFire    . . .     SeeInvis .     - Unarmed
rCold    + + .     Faith    .   (no shield)
rNeg     + + +     Spirit   .   c - +3 scale mail {rC+}
rPois    ∞         Reflect  .   b - +0 helmet
rElec    .         Harm     .   i - +0 cloak
rCorr    .         Rampage  .   (no gloves)
Will     .....                  (no boots)
Stlth    ..........             (no amulet)
HPRegen  0.00/turn              (no ring)
MPRegen  0.10/turn              (no ring)

@: brilliant, flying, hasted, constricted, very quick
A: claws 1, cold resistance 1, negative energy resistance 3, inhibited
regeneration, torment resistance, unbreathing
a: no special abilities


You were in a sewer.
You visited 1 branch of the dungeon, and saw 4 of its levels.
You also visited: Sewer.

You collected 178 gold pieces.

Inventory:

Missiles
 f - 19 poisoned darts (quivered)
 g - 4 throwing nets
 h - 6 boomerangs
Armour
 b - a +0 helmet (worn)
 c - a +3 scale mail of cold resistance (worn)
 i - a +0 cloak (worn)
Scrolls
 d - a scroll of remove curse
 j - 3 scrolls of teleportation
 n - 2 scrolls of identify
 p - a scroll of blinking {unknown}
 q - a scroll of fog {unknown}
Potions
 a - a potion of cancellation
 l - 2 potions of magic
 m - 2 potions of brilliance
 o - a potion of berserk rage {unknown}
 r - a potion of curing {unknown}


   Skills:
 - Level 2.1 Fighting
 - Level 1.7 Throwing
 - Level 2.6 Dodging
 + Level 9.2 Unarmed Combat


You had 6 spell levels left.
You didn't know any spells.
Your spell library was empty.

Dungeon Overview and Level Annotations

Branches:
Dungeon (4/15)              Sewer (1/1)
 Temple: D:4-7

Altars:
Ashenzari
Cheibriados
Kikubaaqudgha
Qazlal
Vehumet
Xom
Yredelemnul


Innate Abilities, Weirdness & Mutations

You thrive by killing the living.
You are immune to poison.
You have sharp fingernails.
Your flesh is cold resistant. (rC+)
You are immune to negative energy. (rN+++)
You do not regenerate when monsters are visible.
You are immune to unholy pain and torment.
You can survive without breathing.


Message History

The adder bites you but does no damage. The adder bites you.
* * * LOW HITPOINT WARNING * * *
The adder bites you but does no damage. The ball python bites you.
* * * LOW HITPOINT WARNING * * *
The bullfrog barely misses you. The ball python barely misses you.
The ball python constricts you.
It was a potion of haste.
You feel yourself speed up. The adder bites you.
* * * LOW HITPOINT WARNING * * *
The adder closely misses you. x2; The adder bites you but does no damage.
The bullfrog hits you.
* * * LOW HITPOINT WARNING * * *
The ball python bites you but does no damage.
The adder bites you but does no damage. The ball python barely misses you.
The ball python constricts you. The adder bites you.
* * * LOW HITPOINT WARNING * * *
The adder completely misses you. The adder bites you but does no damage.
It was a potion of flight.
You feel very buoyant.
You fly up into the air.
The bullfrog hits you.
You die...

#≈≈≈≈≈≈#####
#≈≈≈≈≈
#≈≈≈≈≈≈#
#≈≈≈≈≈
#≈≈≈≈≈≈#
#≈≈≈≈≈
#≈≈≈≈≈≈#
#≈≈≈≈≈
#≈≈≈≈≈≈#
#≈≈≈†≈
#≈#≈≈≈≈#
#≈.†.≈
#≈≈#≈≈≈#
#≈.?(≈
#≈SS≈≈≈#
#≈≈≈≈.
#S@S≈≈≈#
#≈≈≈≈≈
#SFSJ≈≈#
#≈≈≈≈≈
#S#≈≈≈≈#
#≈≈≈≈≈
#≈≈≈≈≈≈#
#≈≈≈≈≈
#≈≈≈≈≈≈#
#≈≈≈≈≈
#≈≈≈≈≈≈#
#≈≈≈≈≈
#≈≈≈≈≈≈#
#≈≈≈≈≈
##.≈.≈##
#.≈.≈≈
......
#.....


You could see a bullfrog, an ooze, 4 adders and 3 ball pythons.

Vanquished Creatures
  A bullfrog (Sewer)
  2 orc priests
  Jessica (D:2)
  Terence (D:1)
  An iguana (D:4)
  An orc wizard (D:3)
  A worker ant (D:4)
  9 river rats
  12 adders
  4 gnolls (D:3)
  An ooze (Sewer)
  A worm (D:2)
  2 dart slugs
  4 leopard geckos
  13 orcs
  9 bats
  9 giant cockroaches
  10 goblins
  8 hobgoblins
  2 jackals (D:3)
  12 kobolds
  8 ball pythons
  5 frilled lizards
  29 rats
146 creatures vanquished.

Notes
Turn   | Place    | Note
-------+----------+-------------------------------------------
     0 | D:1      | HoaS the Ghoul Gladiator began the quest for the Orb.
     0 | D:1      | Reached XP level 1. HP: 17/17 MP: 0/0
   250 | D:1      | Reached XP level 2. HP: 24/24 MP: 1/1
   281 | D:1      | Reached skill level 4 in Unarmed Combat
   652 | D:1      | Reached XP level 3. HP: 29/29 MP: 2/2
   857 | D:2      | Noticed Terence
   879 | D:1      | Killed Terence
   880 | D:1      | Reached skill level 5 in Unarmed Combat
   880 | D:1      | Reached XP level 4. HP: 17/36 MP: 3/3
  1180 | D:2      | Noticed Jessica
  1190 | D:2      | Killed Jessica
  1299 | D:2      | Reached skill level 6 in Unarmed Combat
  1314 | D:2      | Reached XP level 5. HP: 40/41 MP: 4/4
  1864 | D:3      | Reached skill level 7 in Unarmed Combat
  1937 | D:3      | Reached XP level 6. HP: 48/48 MP: 5/5
  2272 | D:3      | Found a radiant altar of Vehumet.
  2272 | D:3      | Found a snail-covered altar of Cheibriados.
  2362 | D:3      | Found a broken altar of Ashenzari.
  2493 | D:3      | Found a shimmering altar of Xom.
  2494 | D:3      | Found an ancient bone altar of Kikubaaqudgha.
  2676 | D:3      | Found a basalt altar of Yredelemnul.
  2856 | D:4      | Found a stormy altar of Qazlal.
  2879 | D:4      | Reached skill level 8 in Unarmed Combat
  2985 | D:4      | Found a glowing drain.
  2989 | Sewer    | Entered a sewer
  3024 | Sewer    | Reached XP level 7. HP: 55/55 MP: 6/6
  3261 | Sewer    | Reached skill level 9 in Unarmed Combat
  3305 | Sewer    | HP: 1/55 [adder (4)]
  3306 | Sewer    | Slain by a bullfrog

Illustrated notes

Levels and vault maps discovered:
D:1:      dpeg_arrival_shrine, layout_rooms, st_stairs_8, serial_bayou_pond_b,
          serial_park_tiny_pond
D:2:      layout_loops_cross, due_unseen_surprise, uniq_terence, uniq_jessica
D:3:      mumra_celtic_spiral_tile, layout_loops_ring,
          nicolae_overflow_hidden_temple, general_overflow_altar
D:4:      kennysheep_big_flooded_room, layout_basic,
          gammafunk_temple_overflow_arena, lemuel_doored_altar,
          gup_sewer_entry_spiral, uniq_blork_the_orc
Sewer:    sewer_minmay_w

Skill      XL: |  1  2  3  4  5  6  7 |
---------------+----------------------+-----
Unarmed Combat | 4 5 6 7 8 9 |  9.2
Fighting       | |  2.1
Throwing       | |  1.7
Dodging        | |  2.6

Action                   |  1- 3 |  4- 6 |  7- 9 || total
-------------------------+-------+-------+-------++-------
Melee: Unarmed           |   133 |   233 |   101 ||   467
       Punch             |     1 |     6 |     1 ||     8
Throw: Throwing net      |     3 |       |       ||     3
  Use: Scroll            |       |     5 |       ||     5
       Potion            |       |       |     4 ||     4
Armor: Leather armour    |    21 |       |       ||    21
       Ring mail         |    21 |       |       ||    21
       Scale mail        |       |    99 |   123 ||   222
Dodge: Dodged            |    84 |    97 |   123 ||   304
